 Dungeon Crawl Stone Soup version 0.29.1-2-gbd0b4ee654 (webtiles) character file.

Game seed: 6086914635163280845

72 whiskeysaurus the Trooper (level 4, -1/41 HPs)
             Began as a Minotaur Berserker on Oct 27, 2022.
             Was a Believer of Trog.
             Slain by an orc
             ... wielding a +0 trident
              (5 damage)
             ... on level 3 of the Dungeon.
             The game lasted 00:03:38 (1577 turns).

whiskeysaurus the Trooper (Minotaur Berserker)      Turns: 1577, Time: 00:03:39

Health: -1/41      AC:  8    Str: 24    XL:     4   Next: 7%
Magic:  3/3        EV:  8    Int:  4    God:    Trog [**....]
Gold:   152        SH:  0    Dex:  9    Spells: 3/3 levels left

rFire   . . .      SeeInvis .   a - +0 hand axe
rCold   . . .      Faith    .   (no shield)
rNeg    . . .      Spirit   .   c - +0 chain mail
rPois   .          Reflect  .   (helmet restricted)
rElec   .          Harm     .   (no cloak)
rCorr   .          Rampage  .   (no gloves)
Will    .....                   (no boots)
Stlth   ..........              (no amulet)
HPRegen 0.13/turn               (no ring)
MPRegen 0.08/turn               (no ring)

@: on berserk cooldown, slowed, very slow
A: horns 2, retaliatory headbutt
a: Renounce Religion, Berserk, Trog's Hand


You were on level 3 of the Dungeon.
You worshipped Trog.
Trog was pleased with you.
You visited 1 branch of the dungeon, and saw 3 of its levels.

You collected 152 gold pieces.

Inventory:

Hand Weapons
 a - a +0 hand axe (weapon)
 f - the +10 dagger of the Tiger {spect, *Rage rC- rN+++ Int+6}
   (You found it on level 2 of the Dungeon)

   When its wielder attacks, the weapon's spirit leaps out and strikes again.
   The spirit shares a part of any damage it takes with its wielder.
   Int:       It affects your intelligence (+6).
   rC:        It makes you vulnerable to cold.
   rN:        It renders you almost immune to negative energy.
   *Rage:     It berserks you when you make melee attacks (+20% chance).
Missiles
 d - 3 atropa-tipped darts (quivered)
Armour
 c - a +0 chain mail (worn)
Scrolls
 b - 2 scrolls of identify {unknown}
 i - a scroll of poison {unknown}
 j - a scroll of magic mapping {unknown}
 k - a scroll of teleportation {unknown}
 l - a scroll of enchant weapon {unknown}
Potions
 e - a potion of might {unknown}
 g - a potion of mutation {unknown}
 h - a potion of attraction {unknown}
 m - 2 potions of brilliance {unknown}
 n - 2 potions of curing {unknown}


   Skills:
 + Level 4.9 Fighting
 + Level 4.9 Axes
 - Level 2.4 Armour
 - Level 2.1 Dodging


You had 3 spell levels left.
You didn't know any spells.
Your spell library was empty.

Dungeon Overview and Level Annotations

Branches:
Dungeon (3/15)

Altars:


Innate Abilities, Weirdness & Mutations

You have a pair of horns on your head.
You reflexively headbutt those who attack you in melee.


Message History

You hear some strange, mumbled words.
You are confused.
The orc hits you from afar with a +0 trident.
The hobgoblin barely misses you.
You completely miss something. Your headbutt misses something.
You slash the hobgoblin!
You kill the hobgoblin!
Trog accepts your kill. Something hits you but does no damage.
The orc hits you but does no damage.
You slash the rat!
You kill the rat!
Trog accepts your kill.
You miss something. You barely miss something. Your headbutt misses something.
You hit the worm.
You are no longer berserk.
You are exhausted.
You feel yourself slow down.
The orc hits you from afar with a +0 trident.
Something hits you but does no damage.
You bump into the rock wall.
The orc barely misses you. Something hits you but does no damage.
The worm bites you.
You miss something. You hit the worm. Something hits you.
The orc hits you from afar with a +0 trident.
Something hits you. The orc hits you but does no damage.
The worm barely misses you.
You closely miss something. You hit the worm.
You feel less confused. Something hits you.
* * * LOW HITPOINT WARNING * * *
The orc completely misses you. The worm bites you.
* * * LOW HITPOINT WARNING * * *
Something hits you but does no damage.
The orc hits you from afar with a +0 trident.
* * * LOW HITPOINT WARNING * * *
You hit the worm. You headbutt the worm.
You kill the worm!
Trog accepts your kill.
You miss something. Something hits you but does no damage.
The orc hits you from afar with a +0 trident.
You die...

.## .. #..
... . ...#..
.. ..... #..#
.#.#
#....###.o.
#.....†{g#
##.#@#
.##...$#####
#...........#
###########.#
##########
#.#
#...<.....
#.#
#.########
#.# #.# #.#
#.# #.###.#


You could see an orc and a hobgoblin.

Vanquished Creatures
  An adder (D:2)
  3 worms
  4 orcs (D:3)
  4 endoplasms
  2 giant cockroaches (D:1)
  3 goblins
  4 hobgoblins
  4 kobolds
  6 quokkas
  2 ball pythons
  6 bats
  2 frilled lizards
  12 rats
53 creatures vanquished.

Notes
Turn   | Place    | Note
-------+----------+-------------------------------------------
     0 | D:1      | whiskeysaurus the Minotaur Berserker began the quest for
                  | the Orb.
     0 | D:1      | Reached XP level 1. HP: 19/19 MP: 0/0
    75 | D:1      | Found a faded altar of an unknown god.
   254 | D:1      | Reached XP level 2. HP: 27/27 MP: 1/1
   572 | D:1      | Reached ** piety under Trog
   668 | D:1      | Reached XP level 3. HP: 34/34 MP: 2/2
   909 | D:2      | Identified the +10 dagger of the Tiger {spect, *Rage rC-
                  | rN+++ Int+6}
  1567 | D:3      | Reached XP level 4. HP: 41/41 MP: 3/3
  1577 | D:3      | Slain by an orc

Illustrated notes

Levels and vault maps discovered:
D:1:      dpeg_arrival_stonehenge_8_columns, layout_loops_ring,
          nicolae_ecumenical_lake_church, minmay_rat_gold_closets
D:2:      minmay_general_purpose_star, layout_basic
D:3:      minmay_diamond_boxcup, layout_loops_ring, minmay_fractal_squares_5

Skill      XL: |  1 |
---------------+----+-----
Fighting       | 4 |  4.9
Axes           | 4 |  4.9
Armour         | |  2.4
Dodging        | |  2.1

Action                   |  1- 3 |  4- 6 || total
-------------------------+-------+-------++-------
Melee: Hand axe          |   103 |    10 ||   113
       Headbutt          |    12 |     1 ||    13
       Dagger            |     3 |       ||     3
       Punch             |     1 |       ||     1
Invok: Berserk           |     1 |       ||     1
Armor: Chain mail        |    66 |    10 ||    76
Dodge: Dodged            |    33 |     7 ||    40
